 Dungeon Crawl Stone Soup version 0.17.2-1-ge4368a0 (webtiles) character file.

53 Jamella the Insei (level 3, -1/29 HPs)
             Began as a Mummy Monk on July 17, 2017.
             Slain by an adder (4 damage)
             ... on level 2 of the Dungeon.
             The game lasted 00:02:51 (2096 turns).

Jamella the Insei (Mummy Monk)                      Turns: 2096, Time: 00:02:52

Health: -1/29      AC:  1    Str: 14    XL:     3   Next: 62%
Magic:  3/3        EV: 13    Int:  9    God:
Gold:   96         SH:  0    Dex: 15    Spells: 0 memorised, 2 levels left

rFire  x . .     SeeInvis .       - Unarmed
rCold  + . .     Clarity  .     (no armour)
rNeg   + + +     SustAt   .     (no shield)
rPois  ∞         Gourm    .     (no helmet)
rElec  .         Spirit   .     (no cloak)
rCorr  .         Warding  .     c - +0 pair of gloves
rMut   .         Stasis   .     (no boots)
MR     .....                    (no amulet)
Stlth  ++........               (no ring)
                                (no ring)

@: not resistant to hostile enchantments, unstealthy
A: no food or potions, fire vulnerability, cold resistance 1, negative energy
resistance 3, torment resistance, unbreathing
a: no special abilities


You were on level 2 of the Dungeon.
You were not hungry.

You visited 1 branch of the dungeon, and saw 2 of its levels.

You collected 96 gold pieces.


Innate Abilities, Weirdness & Mutations

You do not eat or drink.
Your flesh is vulnerable to fire.
You are immune to poison.
Your flesh is cold resistant.
You are immune to negative energy.
You are immune to unholy pain and torment.
You can survive without breathing.


   Skills:
 - Level 3.0 Fighting
 - Level 2.4 Dodging
 - Level 1.5 Stealth
 + Level 4.4 Unarmed Combat


You had 2 spell levels left.
You didn't know any spells.

Inventory:

Missiles
 b - 4 large rocks (quivered)
Armour
 c - a +0 pair of gloves (worn)
Scrolls
 a - a scroll of identify {unknown}
 d - a scroll of teleportation {unknown}
 e - a scroll of remove curse {unknown}
Comestibles
 f - 2 fruits

Dungeon Overview and Level Annotations

Branches:
Dungeon (2/15)

Altars:

...+..........▒▒▒▒▒▒▒▒
...▒▒.▒▒▒▒▒▒▒▒▒
...▒▒'▒▒ ♣ ♣♣♣
...▒...▒ .♣..♣♣ ♣♣♣
...'...▒ ♣♣....♣ ♣♣>♣
..▒▒...▒ ...[.♣ ♣.)♣
..▒▒▒▒▒▒ ♣....♣ ♣♣.♣♣
.▒▒▒ ♣♣♣...♣ ♣.♣♣
.(.▒▒▒▒▒▒ ♣♣MS.♣♣♣ ♣.♣
........▒ ♣♣.♣♣.♣ ♣♣.♣
.....†..▒ ♣.♣♣♣♣♣ ♣.♣♣
........▒ ♣♣.♣ ♣.♣
.▒)▒..▒▒▒ ♣.♣♣ ♣♣♣.♣
.▒.▒..▒ ♣♣.♣ ♣..♣♣
.▒(▒..▒ ♣.♣♣
♣♣♣♣♣♣♣.♣♣ ...▒..▒
♣♣.♣ ♣♣...♣♣..♣
▒..▒<.▒ ♣.♣♣
♣♣.♣♣.♣..♣♣


You could see an adder.


Message History

You take 1 damage, and have 21/29 hp!
You closely miss the adder! The adder barely misses you!
You miss the adder! The adder bites you!
You take 4 damage, and have 17/29 hp!
You closely miss the adder! The adder bites you! * * * don't die
* * * The adder misses you!
You take 3 damage, and have 14/29 hp!
You barely miss the adder! The adder bites you! * * * don't die
* * * You take 3 damage, and have 11/29 hp!
You barely miss the adder! The adder bites you! * * * don't die
* * * You take 4 damage, and have 7/29 hp!
You barely miss the adder! The adder bites you! * * * don't die
* * * You take 3 damage, and have 4/29 hp!
You closely miss the adder! The adder bites you! * * * don't die
* * * You take 2 damage, and have 2/29 hp!
You squash the adder like an ant!
The adder is lightly wounded!
The adder barely misses you! x2
You pummel the adder like a punching bag!
The adder is heavily wounded!
The adder misses you!
You squash the adder like an ant!
The adder is almost dead!
The adder bites you! rip

Action                   || total
-------------------------++-------
Melee: Unarmed           ||   160
 Stab: Sleeping          ||     2

Vault maps used:
D:1:      dpeg_arrival_water_fire
D:2:      forest_paths, grunt_temple_overflow_opulence,
          nicolae_overflow_hidden_temple

Notes
Turn   | Place    | Note
--------------------------------------------------------------
     0 | D:1      | Jamella the Mummy Monk began the quest for the Orb.
     0 | D:1      | Reached XP level 1. HP: 18/18 MP: 1/1
   144 | D:1      | Reached XP level 2. HP: 12/24 MP: 2/2
   786 | D:1      | Reached skill level 4 in Unarmed Combat
  1257 | D:2      | Reached XP level 3. HP: 25/29 MP: 3/3
  2093 | D:2      | HP: 2/29 [adder (2)]
  2096 | D:2      | Slain by an adder

Vanquished Creatures
  An adder (D:2)
  An ooze (D:1)
  2 giant geckos
  A giant cockroach (D:1)
  7 goblins
  5 hobgoblins
  3 jackals (D:1)
  5 kobolds
  3 bats
  2 giant newts (D:2)
  A quokka (D:2)
  4 rats
35 creatures vanquished.
